 Seeded DCSS version 0.29-a0-356-g7bc237e783 (webtiles) character file.

Game seed: 13387057801375688922 (custom seed)

307 zeratav the Ruffian (level 6, -7/51 HPs)
             Began as a Naga Transmuter on Apr 25, 2022.
             Splashed by a jelly's acid (8 damage)
             ... on level 4 of the Dungeon.
             The game lasted 00:04:41 (3300 turns).

zeratav the Ruffian (Naga Transmuter)               Turns: 3300, Time: 00:04:41

Health: -7/51      AC:  6    Str: 17    XL:     6   Next: 40%
Magic:  9/9        EV:  3    Int: 13    God:
Gold:   1254       SH:  0    Dex: 12    Spells: 8/9 levels left

rFire   . . .      SeeInvis +   p - +4 club (spect) {mace}
rCold   . . .      Faith    +   (no shield)
rNeg    . . .      Spirit   .   m - +0 chain mail
rPois   +          Reflect  .   g - +0 helmet
rElec   .          Harm     .   r - +1 cloak "Qyk Qasa" {Drain rPois Str+3}
rCorr   .          Rampage  .   w - +0 pair of gloves
Will    .....                   k - +0 barding {Stlth+}
Stlth   ..........              t - amulet of faith {!P}
HPRegen 0.17/turn               (no ring)
MPRegen 0.11/turn               (no ring)

@: corroded, very slow
A: AC +2, large, see invisible, deformed body, poison resistance, slowness 2,
spit poison 1, naga tail 1
a: Spit Poison


You were on level 4 of the Dungeon.
You visited 1 branch of the dungeon, and saw 4 of its levels.

You collected 1254 gold pieces.


Innate Abilities, Weirdness & Mutations

Your serpentine skin is tough. (AC +2)
You have supernaturally acute eyesight. (SInv)
Armour fits poorly on your strangely shaped body.
Your system is resistant to poisons. (rPois)
You cover ground very slowly.
You can spit poison.
You have a snake-like lower body.


   Skills:
 - Level 1.0 Fighting
 - Level 1.5 Dodging
 + Level 7.0 Unarmed Combat
 - Level 2.0 Spellcasting
 - Level 2.0 Transmutations


You had 8 spell levels left.
You knew the following spells:

 Your Spells              Type           Power      Damage    Failure   Level
a - Beastly Appendage     Tmut           12%        N/A       90%         1

Your spell library contained the following spells:

 Spells                   Type           Power      Damage    Failure   Level
 Wereblood                Tmut           6%         N/A       97%         2
 Sandblast                Erth           2%         2d4       99%         1
 Passwall                 Tmut/Erth      2%         N/A       99%         2
 Sublimation of Blood     Necr           1%         N/A       100%        2
 Spider Form              Tmut/Pois      3%         N/A       100%        3
 Stone Arrow              Conj/Erth      2%         3d7       100%        3
 Ice Form                 Ice/Tmut       3%         N/A       100%        4
 Summon Hydra             Summ           0%         N/A       100%        7

Inventory:

Hand Weapons
 p - a +4 spectral club (weapon) {mace}
   (You took it off Jessica on level 2 of the Dungeon)
Armour
 a - a +0 cloak
   (You took it off Crazy Yiuf on level 2 of the Dungeon)
 g - a +0 helmet (worn)
   (You found it on level 3 of the Dungeon)
 k - a +0 barding of stealth (worn)
   (You found it on level 1 of the Dungeon)
 m - a +0 chain mail (worn)
   (You found it on level 2 of the Dungeon)
 n - a +0 robe
   (You found it on level 3 of the Dungeon)
 r - the +1 cloak "Qyk Qasa" (worn) {Drain rPois Str+3}
   (You acquired it on level 4 of the Dungeon)

   Str:       It affects your strength (+3).
   rPois:     It protects you from poison.
   Drain:     It drains your maximum health when unequipped.
 w - a +0 pair of gloves (worn)
   (You found it on level 2 of the Dungeon)
Jewellery
 t - an amulet of faith (around neck) {!P}
   (You found it on level 2 of the Dungeon)
Scrolls
 c - a scroll of teleportation {@r4}
 e - a scroll of fear {unknown}
 f - a scroll of enchant weapon {unknown}
 i - 2 scrolls of enchant armour {unknown}
 l - a scroll of vulnerability {unknown}
Potions
 b - 3 potions of lignification {!q}
 d - 5 potions of curing {unknown}
 h - a potion of heal wounds {unknown}
 j - a potion of attraction {unknown}
 o - a potion of berserk rage {unknown}
 q - a potion of cancellation {unknown}
 s - 2 potions of flight {unknown}

Dungeon Overview and Level Annotations

Branches:
Dungeon (4/15)
 Temple: D:4-7

Altars:
Xom

.[._. ..#.#
########....#
#...?.......#
#...........#
#...........#
##...........#
......!ooO#
......oo@.#
.......Jo(#
..........#
..........####...
........)........
..#######.####..
.. #†# #.# #.##


You could see an ogre, a jelly, an orc wizard (invisible), 4 orcs and a friendly
+4 spectral club {mace} (summoned).


Message History

The jelly hits your +4 spectral club {mace} but does no damage.
An orc comes into view. It is wielding a +0 war axe.
You swap places.
The jelly hits you. The acid corrodes you!
You are splashed with acid!
The phantom hits you.
Things that are here:
a +0 flail {mace}; an orc corpse; HP[-12]
You take 12 damage, and now have 39/51 hp.
MASSIVE DAMAGE!! (PAUSE)
You hit the jelly. The acid corrodes you!
Your hands burn!
Your +4 spectral club {mace} hits the jelly!
Your +4 spectral club {mace} is burned by acid!
Your spectral weapon shares its damage with you!
The jelly hits you but does no damage. The phantom hits you.
The phantom blinks!
You blink.
Found a scroll of teleportation and a leather armour.
Found a shimmering altar of Xom.
HP[-4]
You take 4 damage, and now have 35/51 hp.
You closely miss the phantom.
Your +4 spectral club {mace} hits the phantom!
The phantom hits you.
The orc hits your +4 spectral club {mace} but does no damage.
The phantom hits you but does no damage.
The orc hits your +4 spectral club {mace} but does no damage.
The orc hits your +4 spectral club {mace} with a +0 club.
HP[-1]
You take 1 damage, and now have 34/51 hp.
You barely miss the phantom.
Your +4 spectral club {mace} hits the phantom!
The orc hits you with a +0 war axe! The phantom barely misses you.
HP[-8]
You take 8 damage, and now have 26/51 hp.
You hit the phantom.
Your +4 spectral club {mace} hits the phantom.
The orc barely misses you.
The jelly misses your +4 spectral club {mace}.
The orc hits you with a +0 war axe.
* * * LOW HITPOINT WARNING * * *
The phantom completely misses you.
The orc wizard misses your +4 spectral club {mace}.
HP[-2]
You take 2 damage, and now have 24/51 hp.
You hit the phantom. Your punch misses the phantom.
Your +4 spectral club {mace} hits the phantom!
You destroy the phantom!
The orc hits your +4 spectral club {mace} with a +0 club.
Your spectral weapon shares its damage with you!
* * * LOW HITPOINT WARNING * * *
The jelly barely misses your +4 spectral club {mace}.
The orc hits you but does no damage.
The orc hits your +4 spectral club {mace} with a +0 war axe.
Your spectral weapon shares its damage with you!
* * * LOW HITPOINT WARNING * * *
The orc wizard points at you and mumbles some strange words.
The puff of flame hits your +4 spectral club {mace}.
Your +4 spectral club {mace} resists.
Your spectral weapon shares its damage with you!
* * * LOW HITPOINT WARNING * * *
The orc hits your +4 spectral club {mace} but does no damage.
The orc misses your +4 spectral club {mace}.
The orc hits you with a +0 club.
* * * LOW HITPOINT WARNING * * *
The jelly barely misses your +4 spectral club {mace}.
The orc wizard points at you and mumbles some strange words.
The magic dart hits your +4 spectral club {mace}!
Your spectral weapon shares its damage with you!
* * * LOW HITPOINT WARNING * * *
The orc hits you but does no damage.
The orc closely misses your +4 spectral club {mace}.
The orc hits you but does no damage.
Your Unarmed Combat skill increases to level 7!
HP[-11]
You take 11 damage, and now have 13/51 hp.
MASSIVE DAMAGE!! (PAUSE)
The orc attacks as you move away! The orc hits you but does no damage.
The jelly hits you but does no damage.
The orc wizard hits you with a +0 dagger.
* * * LOW HITPOINT WARNING * * *
HP[-3]
You take 3 damage, and now have 10/51 hp.
You hit the orc wizard but do no damage.
Your +4 spectral club {mace} hits the orc wizard.
The orc barely misses you. The orc hits you with a +0 war axe.
* * * LOW HITPOINT WARNING * * *
The jelly barely misses you.
The orc wizard hits you with a +0 dagger.
* * * LOW HITPOINT WARNING * * *
HP[-7]
You take 7 damage, and now have 3/51 hp.
You closely miss the orc wizard.
Your +4 spectral club {mace} completely misses the orc wizard.
The orc barely misses you. The jelly hits you but does no damage.
The orc hits you but does no damage. x2
The orc wizard hits you with a +0 dagger.
* * * LOW HITPOINT WARNING * * *
The orc hits you but does no damage. x2; The jelly hits you.
* * * LOW HITPOINT WARNING * * *
The acid corrodes you!
You are splashed with acid!
You die...

Skill      XL: |  1  2  3  4  5  6 |
---------------+-------------------+-----
Unarmed Combat | 4 5 6 7 |  7.0
Fighting       | |  1.0
Dodging        | |  1.5
Spellcasting   | |  2.0
Transmutations | |  2.0

Action                   |  1- 3 |  4- 6 || total
-------------------------+-------+-------++-------
Melee: Unarmed           |    74 |       ||    74
       Club              |     4 |    72 ||    76
  Use: Scroll            |       |     3 ||     3
Armor: Robe              |    15 |    20 ||    35
       Chain mail        |       |    37 ||    37
Dodge: Dodged            |    27 |    26 ||    53

Levels and vault maps discovered:
D:1:      saegor_arrival_fortress, layout_rooms,
          shapermc_ecumenical_altar_acropolis, hangedman_decor_riveting
D:2:      layout_loops_corners, serial_rivers, chequers_serial_rivers_micro_a,
          chequers_serial_rivers_room_b, chequers_serial_rivers_large_b,
          chequers_serial_rivers_micro_b, minmay_randomly_rotated_circles,
          uniq_crazy_yiuf_cottage, uniq_terence, uniq_jessica
D:3:      layout_loops_cross, nicolae_overflow_hidden_temple
D:4:      layout_basic, lemuel_crystal_altar, mainiacjoe_overflow_alcove_2,
          minmay_distorted

Notes
Turn   | Place    | Note
-------+----------+-------------------------------------------
     0 | D:1      | zeratav the Naga Transmuter began the quest for the Orb.
     0 | D:1      | Reached XP level 1. HP: 18/18 MP: 3/3
     0 | D:1      | magus.rc [v1.9.6]
   113 | D:1      | Reached XP level 2. HP: 20/25 MP: 5/5
   240 | D:1      | Found a faded altar of an unknown god.
   700 | D:1      | You pick up a book of Blood and begin reading...
   700 | D:1      | You add the spells Sublimation of Blood and Summon Hydra to
                  | your library.
   821 | D:1      | Reached skill level 4 in Unarmed Combat
   846 | D:1      | You pick up a book of Geomancy and begin reading...
   846 | D:1      | You add the spells Sandblast, Passwall and Stone Arrow to
                  | your library.
  1246 | D:2      | Noticed Jessica
  1255 | D:2      | Killed Jessica
  1256 | D:2      | Reached XP level 3. HP: 13/31 MP: 6/6
  1482 | D:2      | Noticed Terence
  1488 | D:2      | Killed Terence
  1489 | D:2      | Reached skill level 5 in Unarmed Combat
  1489 | D:2      | Reached XP level 4. HP: 30/38 MP: 7/7
  1871 | D:2      | Reached XP level 5. HP: 35/44 MP: 8/8
  2221 | D:2      | Found a runed translucent door.
  2221 | D:2      | Noticed Crazy Yiuf
  2224 | D:2      | Killed Crazy Yiuf
  2945 | D:2      | Identified a scroll of acquirement
  2945 | D:2      | Acquired 1162 gold pieces
  3020 | D:3      | Reached skill level 6 in Unarmed Combat
  3239 | D:3      | You fall into a shaft and drop 1 floor!
  3254 | D:4      | Reached XP level 6. HP: 51/51 MP: 9/9
  3262 | D:4      | Acquired the +1 cloak "Qyk Qasa" {Drain rPois Str+3}
  3293 | D:4      | Found a shimmering altar of Xom.
  3298 | D:4      | Reached skill level 7 in Unarmed Combat
  3298 | D:4      | HP: 10/51 [orc wizard/+0 dagger (4)]
  3299 | D:4      | HP: 3/51 [orc wizard/+0 dagger (4)]
  3300 | D:4      | HP: 1/51 [jelly (1)]
  3300 | D:4      | Splashed by a jelly's acid

Vanquished Creatures
  A phantom (D:4)
  A jelly (D:3)
  Crazy Yiuf (D:2)
  Jessica (D:2)
  Terence (D:2)
  An iguana (D:4)
  4 adders
  2 worms (D:2)
  An orc (D:4)
  7 ball pythons
  2 bats (D:2)
  7 endoplasms
  5 giant cockroaches
  4 goblins
  8 hobgoblins
  3 quokkas (D:2)
  4 frilled lizards (D:1)
  2 kobolds (D:1)
  6 rats
61 creatures vanquished.

Vanquished Creatures (others)
  A plant (D:1)
1 creature vanquished.

Grand Total: 62 creatures vanquished

Table legend:
 A = Non-vault XP
 B = Vault XP
 C = Vault XP percentage of total XP
 D = Non-vault monster count
 E = Vault monster count
 F = Vault count percentage of total count
                 A         B        C        D         E       F
            +---------+---------+-------+---------+---------+-------
      Total |     317 |     122 |  27.8 |      52 |       9 |  14.8
            +---------+---------+-------+---------+---------+-------
        D:1 |      29 |       0 |   0.0 |      20 |       0 |   0.0
        D:2 |      79 |     122 |  60.7 |      21 |       9 |  30.0
        D:3 |      64 |       0 |   0.0 |       5 |       0 |   0.0
        D:4 |     145 |       0 |   0.0 |       6 |       0 |   0.0
            +---------+---------+-------+---------+---------+-------

Illustrated notes

Table legend:
 A = Kills in this place as a percentage of kills in entire the game.
 B = Kills by you in this place as a percentage of kills by you in the entire game.
 C = Kills by friends in this place as a percentage of kills by friends in the entire game.
 D = Other kills in this place as a percentage of other kills in the entire game.
 E = Experience gained in this place as a percentage of experience gained in the entire game.
 F = Experience gained in this place divided by the number of levels of this place that you have seen.
                   A       B       C       D       E      F
               +-------+-------+-------+-------+-------+----------------------
         Total | 100.0 | 100.0 |   N/A |   N/A | 100.0 | 109.8
       Dungeon | 100.0 | 100.0 |   N/A |   N/A | 100.0 | 109.8
               +-------+-------+-------+-------+-------+----------------------

Table legend: (Time is in decaauts)
 A = Elapsed time spent in this place.
 B = Non-inter-level travel time spent in this place.
 C = Inter-level travel time spent in this place.
 D = Time resting spent in this place.
 E = Time spent auto-exploring this place.
 F = Levels seen in this place.
 G = Mean time per level.
                   A        B        C        D        E       F      G
               +--------+--------+--------+--------+--------+-----+--------+
         Total |   4108 |   3978 |    130 |    197 |   3290 |   4 | 1027.0 |
       Dungeon |   4108 |   3978 |    130 |    197 |   3290 |   4 | 1027.0 |
               +--------+--------+--------+--------+--------+-----+--------+

Top non-repeatable levels by time:
     D:2: 2466 daAuts
     D:1: 1285 daAuts
     D:3: 279 daAuts
     D:4: 77 daAuts
